 Dungeon Crawl Stone Soup version 0.29-a0-789-g7a8fcbc185 (webtiles) character file.

Game seed: 17999275264798958220

9003 frimble the Spear-Bearer (level 11, 0/102 HPs)
             Began as a Minotaur Monk on July 2, 2022.
             Was an Elder of Okawaru.
             Slain by a centaur (1 damage)
             ... on level 11 of the Dungeon.
             The game lasted 00:13:48 (13051 turns).

frimble the Spear-Bearer (Minotaur Monk)           Turns: 13051, Time: 00:13:49

Health: 0/102      AC:  7    Str: 17    XL:     11   Next: 17%
Magic:  10/12      EV: 16    Int: 11    God:    Okawaru [****..]
Gold:   481        SH:  0    Dex: 12    Spells: 10/10 levels left

rFire   . . .      SeeInvis .   a - +1 spear (vamp)
rCold   . . .      Faith    .   (no shield)
rNeg    . . .      Spirit   .   e - +0 steam dragon scales
rPois   .          Reflect  .   (helmet restricted)
rElec   .          Harm     .   (no cloak)
rCorr   .          Rampage  .   (no gloves)
Will    .....                   (no boots)
Stlth   ++++......              (no amulet)
HPRegen 0.27/turn               p - ring of wizardry
MPRegen 0.13/turn               (no ring)

@: heroic
A: horns 2, retaliatory headbutt
a: Renounce Religion, Heroism, Finesse


You were on level 11 of the Dungeon.
You worshipped Okawaru.
Okawaru was greatly pleased with you.
You visited 2 branches of the dungeon, and saw 12 of its levels.
You also visited: Ossuary.

You collected 649 gold pieces.
You spent 168 gold pieces at shops.

Inventory:

Hand Weapons
 a - a +1 vampiric spear (weapon)
Missiles
 r - 4 datura-tipped darts
 z - 3 curare-tipped darts (quivered)
 B - 3 javelins
 D - a throwing net
Armour
 e - +0 steam dragon scales (worn)
Jewellery
 j - a ring of flight
 p - a ring of wizardry (left hand)
Wands
 n - a wand of paralysis (3)
 C - a wand of flame (8)
Scrolls
 f - a scroll of brand weapon
 k - 4 scrolls of magic mapping
 s - a scroll of enchant armour
 t - 10 scrolls of teleportation
 y - a scroll of silence
 A - 2 scrolls of poison
Potions
 c - 3 potions of ambrosia
 d - 5 potions of curing
 g - 5 potions of haste
 h - 3 potions of magic
 i - a potion of berserk rage
 l - a potion of flight
 m - a potion of degeneration
 o - 2 potions of mutation
 q - 4 potions of brilliance
 u - 4 potions of lignification {unknown}
 v - a potion of heal wounds
 w - 3 potions of might
 x - a potion of resistance {unknown}
Miscellaneous
 b - a lightning rod (4/4)


   Skills:
 - Level 11.0(16.0) Fighting
 + Level 11.6(16.6) Polearms
 + Level 8.6(13.6) Throwing
 + Level 4.4(9.4) Armour
 - Level 6.0(11.0) Dodging
 + Level 4.1(9.1) Stealth
 + Level 3.7 Invocations
 + Level 0.9 Evocations


You had 10 spell levels left.
You didn't know any spells.
Your spell library contained the following spells:

 Spells                   Type           Power      Damage    Failure   Level
 Blink                    Tloc           0%         N/A       21%         2
 Ensorcelled Hibernation  Hex/Ice        0%         N/A       21%         2
 Scorch                   Fire           0%         2d5       21%         2
 Gell's Gravitas          Tloc           0%         N/A       38%         3
 Lesser Beckoning         Tloc           0%         N/A       38%         3
 Spider Form              Tmut/Pois      0%         N/A       38%         3
 Stone Arrow              Conj/Erth      0%         3d7       38%         3
 Teleport Other           Tloc           0%         N/A       38%         3
 Anguish                  Hex/Necr       0%         N/A       77%         4
 Flame Wave               Conj/Fire      0%         2d4       77%         4
 Leda's Liquefaction      Hex/Erth       0%         N/A       77%         4
 Lee's Rapid Deconstruct  Erth           0%         3d5*      98%         5
 Manifold Assault         Tloc           0%         N/A       98%         5
 Summon Cactus Giant      Summ           Unusable   N/A       N/A         6

Dungeon Overview and Level Annotations

Branches:
Dungeon (11/15)            Temple (1/1) D:7            Lair (0/6) D:9
Ossuary (visited)
    Orc: D:9-12

Altars:
Ashenzari
Cheibriados
Dithmenos
Elyvilon
Fedhas
Gozag
Hepliaklqana
Kikubaaqudgha
Makhleb
Nemelex Xobeh
Okawaru
Qazlal
Sif Muna
Trog
Uskayaw
Vehumet
Wu Jian
Xom
Yredelemnul
Zin
The Shining One

Shops:
D:7 ?=:*

Annotations:
D:7 1 runed translucent door


Innate Abilities, Weirdness & Mutations

You have a pair of horns on your head.
You reflexively headbutt those who attack you in melee.


Message History

The centaur is severely wounded.
You hit the centaur. You headbutt the centaur.
The centaur is almost dead.
The centaur hits you but does no damage.
The centaur kicks you but does no damage.
The centaur shoots an arrow.
The arrow barely misses you.
You puncture the centaur!
You feel better.
You kill the centaur!
Okawaru accepts your kill.
You hit the komodo dragon.
You feel better.
You headbutt the komodo dragon, but do no damage.
The komodo dragon is moderately wounded.
The centaur unwields a +0 shortbow.
The centaur hits you.
The centaur kicks you but does no damage.
You puncture the komodo dragon! You headbutt the komodo dragon.
The komodo dragon is severely wounded.
The komodo dragon bites you!
You puncture the komodo dragon!
You feel better.
The komodo dragon is almost dead.
The centaur hits you. The centaur closely misses you.
You hit the komodo dragon but do no damage.
You headbutt the komodo dragon.
The komodo dragon is almost dead.
The centaur misses you.
The centaur kicks you but does no damage.
The komodo dragon bites you!!
* * * LOW HITPOINT WARNING * * *
The centaur hits you with a +0 quarterstaff.
* * * LOW HITPOINT WARNING * * *
The centaur barely misses you.
You gain the combat prowess of a mighty hero.
The centaur closely misses you.
The centaur kicks you but does no damage.
The centaur closely misses you. You furiously retaliate!
You headbutt the centaur. The centaur kicks you.
* * * LOW HITPOINT WARNING * * *
The komodo dragon bites you!!
* * * LOW HITPOINT WARNING * * *
The centaur hits you.
You die...

##.#☼#....##.........
..#°#°#...##...######.
.##°#$##.......# #. .
###°#$#......#.# #.
#.###.#.#$#...###..# ##
......'.#$###.# #.## #
......#.#$###.###.# ####
..[...#####....##.#####...
......)Wl@###....)(##...##
...##..)#cc......))##.####
#.#!..................
#.####................ .
.....#.#............ ..
###.........######## ..
...##......# #.. ..##
###...># .## #....#


You could see a komodo dragon, a wraith and 2 centaurs.

Vanquished Creatures
  A hydra (D:10)
  A two-headed ogre (D:9)
  Erica (D:9)
  Maggie (D:5)
  A komodo dragon (D:11)
  A troll (D:10)
  3 wyverns
  A yak (D:9)
  5 steam dragons
  2 water moccasins
  3 black bears
  6 orc warriors
  A sky beast (D:7)
  5 ogres
  A phantom (D:7)
  13 centaurs
  3 kobold brigands
  5 bullfrogs
  2 necrophages (D:5)
  Blork the orc (D:6)
  A scorpion (D:6)
  3 wights (D:8)
  5 centaur zombies (Ossuary)
  4 howler monkeys
  3 jellies
  6 hounds
  2 boudas
  6 orc priests
  3 iguanas
  8 orc wizards
  5 mummies (Ossuary)
  11 gnolls
  7 adders
  A shadow imp (D:6)
  A white imp (D:7)
  2 ufetubi (D:5)
  2 worms
  2 dart slugs
  55 orcs
  10 ball pythons
  4 bats
  6 endoplasms
  3 giant cockroaches
  13 hobgoblins
  7 jackals (D:2)
  5 quokkas
  5 frilled lizards
  7 goblins
  5 hobgoblin zombies (Ossuary)
  12 kobolds
  2 rats (D:1)
  A spectral hobgoblin (D:2)
264 creatures vanquished.

Vanquished Creatures (collateral kills)
  A yak (D:9)
  An orc wizard (D:9)
  An orc (D:9)
3 creatures vanquished.

Vanquished Creatures (others)
  A yak (D:9)
  An orc wizard (D:6)
2 creatures vanquished.

Grand Total: 269 creatures vanquished

Notes
Turn   | Place    | Note
-------+----------+-------------------------------------------
     0 | D:1      | frimble the Minotaur Monk began the quest for the Orb.
     0 | D:1      | Reached XP level 1. HP: 19/19 MP: 0/0
   231 | D:1      | Reached XP level 2. HP: 11/27 MP: 1/1
  1230 | D:2      | Reached XP level 3. HP: 27/34 MP: 2/2
  1385 | D:2      | Found a faded altar of an unknown god.
  1795 | D:2      | Reached XP level 4. HP: 31/41 MP: 3/3
  2710 | D:3      | Reached skill level 5 in Polearms
  2713 | D:3      | Reached skill level 5 in Fighting
  3447 | D:4      | Found a stormy altar of Qazlal.
  3500 | D:4      | Found the +0 staff of Battle
  3599 | D:4      | Reached XP level 5. HP: 44/48 MP: 4/4
  3658 | D:4      | Found a radiant altar of Vehumet.
  3725 | D:4      | Noticed an ogre
  3735 | D:4      | Killed an ogre
  3736 | D:4      | Reached skill level 1 in Throwing
  3956 | D:4      | Noticed a black bear
  3969 | D:4      | Killed a black bear
  3970 | D:4      | Reached XP level 6. HP: 19/57 MP: 5/5
  4182 | D:5      | Entered Level 5 of the Dungeon
  4495 | D:5      | Reached XP level 7. HP: 57/64 MP: 6/6
  5282 | D:5      | Reached XP level 8. HP: 59/74 MP: 7/7
  5449 | D:6      | Noticed Maggie
  5468 | D:5      | Killed Maggie
  5486 | D:6      | Reached skill level 5 in Throwing
  5585 | D:6      | Found a sand-covered staircase.
  5588 | D:6      | Noticed Blork the orc
  5592 | Ossuary  | Entered an ossuary
  5815 | D:6      | Killed Blork the orc
  5824 | D:6      | Reached XP level 9. HP: 69/83 MP: 8/8
  6973 | D:7      | Found a staircase to the Ecumenical Temple.
  6984 | D:7      | Found Dareumaff's Book Boutique.
  7077 | D:7      | Found Koir's Jewellery Shoppe.
  7097 | D:7      | Reached skill level 10 in Fighting
  7097 | D:7      | Reached skill level 10 in Polearms
  7291 | D:7      | Found Tiwyrgh's General Store.
  7395 | D:7      | Found a shimmering blue altar of Sif Muna.
  7437 | D:7      | Found Dov Sico's Magic Scroll Shop.
  7441 | D:7      | Noticed a sixfirhy
  7442 | D:7      | Found a runed translucent door.
  7446 | D:7      | Bought a scroll of teleportation for 42 gold pieces
  7446 | D:7      | Bought 3 scrolls of teleportation for 126 gold pieces
  7514 | D:7      | Reached skill level 5 in Dodging
  7652 | D:7      | Found a shadowy altar of Dithmenos.
  8238 | Temple   | Entered the Ecumenical Temple
  8338 | Temple   | Became a worshipper of Warmaster Okawaru
  8338 | Temple   | Reached * piety under Okawaru
  8338 | Temple   | Reached ** piety under Okawaru
  8691 | D:8      | Got Xiak's Guide on Clay
  8890 | D:8      | Reached XP level 10. HP: 68/94 MP: 9/9
 10046 | D:9      | Noticed Erica
 10051 | D:9      | Killed Erica
 10051 | D:9      | Reached *** piety under Okawaru
 10052 | D:9      | Reached skill level 1 in Armour
 10052 | D:9      | Reached skill level 1 in Invocations
 10089 | D:9      | Found a staircase to the Lair.
 10295 | D:9      | Noticed a two-headed ogre
 10310 | D:9      | Killed a two-headed ogre
 10627 | D:9      | You fall into a shaft and drop 1 floor!
 10627 | D:10     | Entered Level 10 of the Dungeon
 10657 | D:10     | Noticed a four-headed hydra
 10672 | D:10     | Killed a four-headed hydra
 10672 | D:10     | Reached **** piety under Okawaru
 11700 | D:10     | Reached XP level 11. HP: 79/102 MP: 9/12
 12900 | D:11     | Received a gift from Okawaru
 13051 | D:11     | HP: 1/102 [komodo dragon (24)]
 13051 | D:11     | Slain by a centaur

Illustrated notes

Levels and vault maps discovered:
D:1:      dpeg_arrival_pond, layout_loops_ring,
          nicolae_concentric_dashed_squares_wild, moated_statue,
          minmay_strange_pillars, minmay_misc_feat_square
D:2:      layout_loops_corners, dreamdust_ecumenical_altar_drowned_temple
D:3:      layout_basic, kennysheep_generic_room_2
D:4:      cheibrodos_helix_gallery, layout_basic, mainiacjoe_overflow_catwalk,
          mainiacjoe_overflow_small_starburst
D:5:      layout_cave_pools, serial_column_ruins, column_ruins_hut_water,
          column_ruins_grid_4, column_ruins_grid_3, column_ruins_open_tiny,
          column_ruins_grid_1, column_ruins_corridor_dead_end,
          column_ruins_open_tiny, kennysheep_opposing_triangles
D:6:      layout_rooms, chequers_ossuary_entry_cave, uniq_maggie,
          uniq_blork_the_orc
D:7:      cheibrodos_shockbox, layout_loops_ring,
          nicolae_overflow_hidden_temple, minmay_temple_entry_glassed_door,
          serial_shops, shop_fountains, shop, shop, nicolae_take_the_stairs
D:8:      layout_loops_cross, hangedman_abyss_or_decor_jellyfish_corner,
          minmay_misc_feat_chi
D:9:      layout_roguey, lair_entry_dummy, uniq_erica
D:10:     layout_roguey [special_room_orc], serial_curves, eino_curves_04,
          eino_curves_01, eino_curves_01
D:11:     lemuel_ice_spiral_2, layout_rooms, hiddenorc1_lemuel
Temple:   minmay_temple_bridge_d

Skill      XL: |  1  2  3  4  5  6  7  8  9 10 11 |
---------------+----------------------------------+-----
Polearms       | 4 5 6 7 9 10 11 | 11.6
Fighting       | 4 5 6 7 9 10 11 | 11.0
Throwing       | 2 3 4 6 7 8 |  8.6
Dodging        | 5 6 |  6.0
Armour         | 3 4 |  4.4
Stealth        | 3 4 |  4.1
Invocations    | 3 |  3.7
Evocations     | |  0.9

Action                   |  1- 3 |  4- 6 |  7- 9 | 10-12 || total
-------------------------+-------+-------+-------+-------++-------
Melee: Spear             |   127 |   133 |   438 |   410 ||  1108
       Punch             |     1 |     1 |     4 |     8 ||    14
       Headbutt          |    12 |    25 |    90 |    74 ||   201
Throw: Boomerang         |       |    11 |    62 |     2 ||    75
       Dart              |       |       |       |     9 ||     9
       Javelin           |       |       |       |     3 ||     3
Invok: Heroism           |       |       |       |    11 ||    11
  Use: Scroll            |     3 |     6 |     8 |     3 ||    20
       Potion            |       |       |     4 |       ||     4
 Stab: Sleeping          |     7 |     7 |     5 |     3 ||    22
       Distracted        |       |       |     2 |       ||     2
Armor: Robe              |     4 |    13 |     9 |       ||    26
       Steam dragon scal |       |       |    48 |    48 ||    96
Dodge: Dodged            |    50 |    69 |   166 |   164 ||   449

Table legend: (Time is in decaauts)
 A = Elapsed time spent in this place.
 B = Non-inter-level travel time spent in this place.
 C = Inter-level travel time spent in this place.
 D = Time resting spent in this place.
 E = Time spent auto-exploring this place.
 F = Levels seen in this place.
 G = Mean time per level.
                   A        B        C        D        E       F      G
               +--------+--------+--------+--------+--------+-----+--------+
         Total |  12683 |  11926 |    757 |    150 |  10088 |  13 |  975.6 |
       Dungeon |  12309 |  11686 |    623 |    150 |   9942 |  11 | 1119.0 |
        Temple |    175 |     42 |    133 |      0 |     38 |   1 |  175.0 |
       Ossuary |    197 |    197 |      0 |      0 |    108 |   1 |  197.0 |
               +--------+--------+--------+--------+--------+-----+--------+

Top non-repeatable levels by time:
    D:10: 1920 daAuts
     D:7: 1629 daAuts
     D:2: 1270 daAuts
     D:5: 1269 daAuts
     D:8: 1174 daAuts
     D:1: 1083 daAuts
     D:3: 1019 daAuts
     D:6: 988 daAuts
     D:9: 958 daAuts
     D:4: 787 daAuts
    D:11: 207 daAuts
 Ossuary: 197 daAuts
  Temple: 175 daAuts
